 Dungeon Crawl Stone Soup version 0.13-a0-2382-gbc6a47d (webtiles) character file.

102 Grabo the Exhumer (level 3, -2/27 HPs)
             Began as a Demonspawn Death Knight on July 14, 2013.
             Was a Follower of Yredelemnul.
             Slain by Sigmund
             ... wielding a +0,+0 scythe
              (8 damage)
             ... while paralysed by a potion of paralysis
             ... on Level 3 of the Dungeon.
             The game lasted 00:02:55 (1281 turns).

Grabo the Exhumer (Demonspawn Death Knight)         Turns: 1281, Time: 00:02:56

HP  -2/27        AC  5     Str 13      XL: 3   Next:  1%
MP   6/6         EV  2     Int 12      God: Yredelemnul [*.....]
Gold 73          SH  0     Dex 13      Spells:  0 memorised,  2 levels left

Res.Fire  : . . .   See Invis. : .   a - +1 mace
Res.Cold  : . . .   Warding    : .   k - +0 ring mail
Life Prot.: . . .   Conserve   : .   (no shield)
Res.Poison: .       Res.Corr.  : .   (no helmet)
Res.Elec. : .       Clarity    : .   (no cloak)
Sust.Abil.: . .     Spirit.Shd : .   (no gloves)
Res.Mut.  : .       Stasis     : .   (no boots)
Res.Rott. : .       Flight     : .   (no amulet)
Saprovore : . . .                    (no ring)
                                     (no ring)

@: paralysed, confused, not resistant to hostile enchantments, extremely
unstealthy
A: hooves 1
a: Animate Remains, Renounce Religion


You were on level 3 of the Dungeon.
You worshipped Yredelemnul.
Yredelemnul was most pleased with you.
You were hungry.

You visited 1 branch of the dungeon, and saw 3 of its levels.

You collected 53 gold pieces.

Inventory:

Hand weapons
 a - a +1,+1 mace (weapon)
Armour
 b - a +0 leather armour
 k - a +0 ring mail (worn)
Comestibles
 c - 3 bread rations
 g - a choko
 i - a meat ration
 q - 9 sultanas
Scrolls
 d - 2 scrolls of magic mapping {unknown}
 e - a scroll of curse weapon {unknown}
 f - a scroll of noise {unknown}
 j - a scroll of recharging {unknown}
 m - a scroll of enchant armour {unknown}
 n - a scroll of random uselessness {unknown}
 r - a scroll of identify {unknown}
Jewellery
 h - an uncursed ring of see invisible {unknown}
Potions
 o - a potion of heal wounds
 p - a potion of restore abilities {unknown}
 s - 2 potions of might {unknown}


   Skills:
 - Level 2.0 Fighting
 * Level 2.8 Maces & Flails
 - Level 0.8 Armour
 - Level 0.8 Dodging
 + Level 4.2 Invocations


You had 2 spell levels left.
You didn't know any spells.

Dungeon Overview and Level Annotations

Branches:
Dungeon (3/27)

Altars:
Okawaru

Annotations
D:3 Sigmund


Innate Abilities, Weirdness & Mutations

You have large cloven feet.


Message History

You hit it. Your kick misses it.
You hear some strange, mumbled words.
The magic dart hits you!
You miss it. It hits you but does no damage.
You barely miss it. It hits you.
You hit it. Your kick misses it. It hits you.
* * * LOW HITPOINT WARNING * * *
You hit it. You kick it.
You hear some strange, mumbled words.
You are confused.
Unknown command.
Drink which item? (? for menu, Esc to quit)
You suddenly lose the ability to move!
It was a potion of paralysis.
You hear some strange, mumbled words.
You are more confused.
You hear some strange, mumbled words.
Something tries to affect you, but you resist.
It hits you!
You die...
Your body rises from the dead as a mindless zombie.

.........#..........
.........##.......#
..#######.........#
#.........# #
#...########..
#..............
#..............
###...z......##
#..@z......#
#..........#
#[.........#
#..........#
#..........
#......... #........
#....... ...


You could see 2 friendly jackal zombies.

Vanquished Creatures
  4 oozes (D:1)
  An orc (D:3)
  4 bats
  2 giant cockroaches (D:1)
  2 hobgoblins (D:1)
  3 jackals (D:3)
  2 kobolds (D:1)
  A giant newt (D:1)
  3 rats (D:1)
22 creatures vanquished.

Vanquished Creatures (others)
  A hobgoblin zombie (D:1)
1 creature vanquished.

Grand Total: 23 creatures vanquished

Notes
Turn   | Place    | Note
--------------------------------------------------------------
     0 | D:1      | Grabo, the Demonspawn Death Knight, began the quest for the Orb.
     0 | D:1      | Reached XP level 1. HP: 16/16 MP: 2/2
    88 | D:1      | Reached skill level 4 in Invocations
    88 | D:1      | Gained mutation: You have large cloven feet. [demonic ancestry]
    88 | D:1      | Reached XP level 2. HP: 19/22 MP: 4/4
  1167 | D:3      | Reached XP level 3. HP: 23/27 MP: 4/6
  1199 | D:3      | Found an iron altar of Okawaru.
  1263 | D:3      | Noticed Sigmund
  1279 | D:3      | Paralysed by a potion of paralysis for 7 turns
  1281 | D:3      | Slain by Sigmund

Action                   || total
-------------------------++-------
Melee: Mace              ||    87
Invok: Animate Remains   ||     3
  Use: Potion            ||     2
